 Dungeon Crawl Stone Soup version 0.31-a0-221-gbddc013574 (webtiles) character file.

Game seed: 6654040784630199406

58793 Maxmaps the Spear-Bearer (level 14, -6/115 HPs)
             Began as a Demonspawn Gladiator on July 4, 2023.
             Was an Initiate of Gozag.
             Mangled by Donald
             ... wielding a +3 double sword of flaming
              (52 damage)
             ... on level 2 of the Orcish Mines.
             The game lasted 00:34:08 (26390 turns).

Maxmaps the Spear-Bearer (Demonspawn Gladiator)    Turns: 26390, Time: 00:34:09

Health: -6/115     AC: 23    Str: 19    XL:     14   Next: 50%
Magic:  14/14      EV: 23    Int: 14    God:    Gozag
Gold:   1952       SH: 17    Dex: 15    Spells: 13/13 levels left

rFire   . . .        h - +1 spear (venom)
rCold   . . .        O - +0 kite shield {reflect}
rNeg    . . .        N - +4 scale mail {rPois}
rPois   +            n - +0 helmet
rElec   .            j - +0 cloak
rCorr   .            B - +0 pair of gloves {hurl}
SInv    .            (boots unavailable)
Will    ++...        Y - amulet of reflection Stlth
                     D - ring "Upso" {rPois Will+ Str+4}
HPRegen 0.39/turn    v - +5 ring of evasion
MPRegen 0.14/turn

%: reflection
@: agile, sanguine armoured
A: hooves 3, demonic guardian 2, powered by pain 1, sanguine armour 1,
devolution 1
a: Renounce Religion, Potion Petition, Call Merchant, Bribe Branch


You were on level 2 of the Orcish Mines.
You worshipped Gozag.
Gozag was most pleased with you.
You visited 4 branches of the dungeon, and saw 20 of its levels.
You also visited: Sewer.

You collected 5550 gold pieces.
You spent 921 gold pieces at shops.
You paid 2677 gold pieces to Gozag.

Inventory:

Hand Weapons
 h - a +1 spear of venom (weapon)
Missiles
 d - 4 throwing nets
 e - 11 javelins
 x - 3 silver javelins (quivered)
Armour
 j - a +0 cloak (worn)
 k - an orb of energy
 n - a +0 helmet (worn)
 B - a +0 pair of gloves of hurling (worn)
 E - the +1 scale mail of the Spider Nest {rN+ Int+3}
   (You bought it in a shop on level 10 of the Dungeon)

   Int:       It affects your intelligence (+3).
   rN:        It protects you from negative energy.
 N - a +4 scale mail of poison resistance (worn)
 O - a +0 kite shield of reflection (worn)
Jewellery
 f - a ring of ice
 i - a +6 ring of intelligence
 v - a +5 ring of evasion (right hand)
 w - a ring of protection from cold
 y - a ring of see invisible
 D - the ring "Upso" (left hand) {rPois Will+ Str+4}
   (You bought it in a shop on level 7 of the Dungeon)

   [ring of poison resistance]

   Str:       It affects your strength (+4).
   rPois:     It protects you from poison.
   Will:      It increases your willpower.
 G - a ring of wizardry
 R - a ring of protection from fire
 T - a ring of resist corrosion
 U - a ring of protection from cold
 Y - an amulet of reflection (around neck)
Wands
 b - a wand of digging (10)
 L - a wand of polymorph (1)
 P - a wand of flame (18)
 S - a wand of charming (5)
 Z - a wand of mindburst (8)
Scrolls
 m - 2 scrolls of fog
 o - 2 scrolls of enchant weapon
 p - 2 scrolls of identify
 q - 3 scrolls of blinking
 r - 4 scrolls of revelation
 A - a scroll of silence
 C - 4 scrolls of noise
 F - 3 scrolls of vulnerability
 I - 4 scrolls of enchant armour
 J - 3 scrolls of amnesia
 Q - 4 scrolls of teleportation
 W - a scroll of brand weapon
 X - a scroll of poison
Potions
 a - a potion of cancellation {unknown}
 c - 3 potions of lignification
 g - 3 potions of might
 l - 4 potions of haste
 s - a potion of magic
 t - 8 potions of curing
 u - a potion of mutation
 z - 3 potions of enlightenment
 H - a potion of brilliance
 K - a potion of ambrosia
 V - a potion of degeneration


   Skills:
 - Level 12.0 Fighting
 - Level 12.1 Polearms
 - Level 1.7 Throwing
 + Level 10.5 Armour
 - Level 9.0 Dodging
 - Level 12.0 Shields


You had 13 spell levels left.
You didn't know any spells.
Your spell library contained the following spells:

 Spells                   Type           Power      Damage    Failure   Level
 Beastly Appendage        Tmut           0%         N/A       77%         1
 Necrotise                Necr           0%         1d4       77%         1
 Sting                    Tmut/Pois      0%         1d3       77%         1
 Poisonous Vapours        Pois/Air       0%         N/A       88%         2
 Static Discharge         Conj/Air       0%         2-2/arc   88%         2
 Wereblood                Tmut           0%         N/A       88%         2
 Ignite Poison            Fire/Tmut/Pois 0%         N/A       98%         3
 Spider Form              Tmut/Pois      0%         N/A       98%         3
 Tukima's Dance           Hex            0%         N/A       98%         3
 Vampiric Draining        Necr           0%         2d6       98%         3
 Airstrike                Air            0%         2d(0-16)  100%        4
 Leda's Liquefaction      Hex/Erth       0%         N/A       100%        4
 Olgreb's Toxic Radiance  Pois           0%         N/A       100%        4
 Passage of Golubria      Tloc           0%         N/A       100%        4
 Sticky Flame             Conj/Fire      0%         2d3       100%        4
 Summon Lightning Spire   Summ/Air       0%         N/A       100%        4
 Agony                    Necr           0%         N/A       100%        5
 Alistair's Intoxication  Tmut/Pois      0%         N/A       100%        5
 Lee's Rapid Deconstruct  Erth           0%         3d4*      100%        5
 Yara's Violent Unravell  Hex/Tmut       0%         3d3       100%        5
 Leda's Unmaking          Conj/Erth      0%         9d1       100%        6
 Statue Form              Tmut/Erth      0%         N/A       100%        6
 Ignition                 Fire           0%         3d3       100%        8


Dungeon Overview and Level Annotations

Branches:
Dungeon (12/15)            Temple (1/1) D:5            Lair (5/5) D:10
 Shoals (0/4) Lair:3        Snake (0/4) Lair:3        Slime (0/5) Lair:5
    Orc (2/2) D:12          Sewer (visited)
    Elf: Orc:2

Altars:
Ashenzari
Cheibriados
Dithmenos
Fedhas
Gozag
Hepliaklqana
Kikubaaqudgha
Makhleb
Nemelex Xobeh
Okawaru
Qazlal
Ru
Sif Muna
Trog
Uskayaw
Vehumet
Wu Jian
Xom
Yredelemnul
Jiyva

Shops:
D:2 *   D:7 =   D:10 *([   Orc:2 [

Annotations:
D:3 1 runed translucent door, osoart's ghost, amateur MiFi
D:5 2 transporters
D:8 1 runed translucent door, pokeman's ghost, novice DEHW
Lair:5 exclusion: 3 oklob plants
Orc:2 Donald


Innate Abilities, Weirdness & Mutations

You have hooves in place of feet.
A demonic guardian rushes to your aid.
You sometimes gain a little power by taking damage.
When seriously injured, your blood forms armour. (AC +6)
You have hidden genetic defects.


Message History

You hit Donald but do no damage.
Donald looks as sick as possible!
Donald is no longer distracted by gold.
Donald is lightly wounded.
Donald hits you with a +3 double sword of flaming.
Donald burns you.
You hit Donald but do no damage.
Donald looks as sick as possible!
Donald blocks your attack.
Donald is lightly wounded.
You block Donald's attack.
You hit Donald but do no damage.
Donald looks as sick as possible!
You kick Donald, but do no damage.
Donald is lightly wounded.
Donald is distracted by your dazzling golden aura.
The orc warrior is distracted by your dazzling golden aura.
You hit Donald but do no damage.
Donald is no longer distracted by gold.
You kick Donald, but do no damage.
Donald is lightly wounded.
The orc warrior is no longer distracted by gold.
You block Donald's attack.
You completely miss Donald.
Donald is lightly wounded.
Donald barely misses you.
You completely miss Donald.
Donald is lightly wounded.
You block Donald's attack.
You hit Donald but do no damage. Your kick misses Donald.
Donald is lightly wounded.
The orc warrior is distracted by your dazzling golden aura.
You hit Donald but do no damage.
Donald looks as sick as possible!
Donald is lightly wounded.
Donald hits you with a +3 double sword of flaming!!
Your blood congeals into armour.
Donald burns you!
You hit Donald.
Donald looks as sick as possible!
Donald is lightly wounded.
You block Donald's attack. Donald blocks your attack. x2
Donald is lightly wounded.
Donald hits you with a +3 double sword of flaming!!!
You die...
Your body crumbles into a pile of gold.

....[...................
$ ..[).................#
. ...<.................#
..
.....................#.#.
................#o..#...#
...............##..#....#
.............###.........
.........................
................@$...#.#.
...............@$....# #
.⌠.......#..#
∩.......<....#
.⌠..........## $
.....#....### ..........#
..#......##


You could see Donald (fast, strong, extremely poisoned, reflecting) and an orc
warrior.

Vanquished Creatures
  Snorg (D:11)
  Josephine (Lair:5)
  3 hydras
  3 two-headed ogres
  6 death yaks (Lair:4)
  A tengu warrior (D:12)
  A boulder beetle (Lair:4)
  Urug (D:10)
  An orc knight (Orc:1)
  An orc sorcerer (Orc:1)
  2 ugly things (D:12)
  A manticore (D:11)
  2 wolf spiders (Lair:5)
  14 elephants
  A cyclops (D:11)
  Maurice (D:8)
  A guardian serpent (Lair:5)
  9 black mambas
  2 unseen horrors
  3 torpor snails
  Maggie (D:7)
  4 rime drakes
  6 komodo dragons
  12 cane toads
  Psyche (D:8)
  2 trolls
  Grinder (D:3)
  2 polar bears
  5 hornets
  3 blink frogs (Lair:2)
  Prince Ribbit (D:7)
  5 dream sheep
  7 wraiths
  A spriggan (Lair:2)
  15 wyverns
  33 yaks
  3 shadows
  5 vampire mosquitoes
  Grum (D:11)
  4 steam dragons
  A basilisk (Lair:3)
  2 redbacks (Lair:5)
  A naga (Lair:3)
  A warg (Orc:1)
  An acid dragon (D:11)
  21 water moccasins
  2 black bears
  10 orc warriors
  An ice beast (D:6)
  32 wolves
  9 centaurs
  An ogre (Orc:1)
  A kobold brigand (D:10)
  11 bullfrogs
  A gnoll sergeant (Orc:1)
  2 scorpions (D:4)
  5 wights
  15 killer bees
  4 electric eels
  5 howler monkeys
  11 orc priests
  A jelly (D:4)
  3 gnoll boudas
  10 hounds
  A sleepcap (D:5)
  Jessica (D:2)
  Terence (D:2)
  10 orc wizards
  Natasha (twice) (D:2)
  2 iguanas
  A hell rat (Lair:4)
  23 gnolls
  A river rat (D:4)
  10 adders
  4 shadow imps
  10 white imps
  3 ufetubi (D:6)
  4 worms
  3 dart slugs
  49 orcs
  16 ball pythons
  12 endoplasms
  5 giant cockroaches
  12 goblins
  5 hobgoblins
  9 jackals
  3 quokkas
  2 bats (D:1)
  2 frilled lizards
  17 kobolds
  6 rats
532 creatures vanquished.

Vanquished Creatures (collateral kills)
  Sonja (Orc:1)
  A manticore (D:12)
  A cyclops (Orc:1)
  An elephant (Lair:4)
  A gargoyle (D:11)
  2 black mambas
  A cane toad (Lair:1)
  A dream sheep (Lair:4)
  A blink frog (Lair:2)
  2 wyverns (Lair:5)
  4 yaks
  A vampire mosquito (D:10)
  2 nagas (Lair:3)
  2 water moccasins (Lair:5)
  A wolf (Lair:1)
  5 orcs (Orc:1)
27 creatures vanquished.

Grand Total: 559 creatures vanquished

Notes
Turn   | Place    | Note
-------+----------+-------------------------------------------
     0 | D:1      | Maxmaps the Demonspawn Gladiator began the quest for the
                  | Orb.
     0 | D:1      | Reached XP level 1. HP: 16/16 MP: 1/1
   126 | D:1      | Gained mutation: You have large cloven feet. [demonic
                  | ancestry]
   126 | D:1      | Reached XP level 2. HP: 22/22 MP: 2/2
   438 | D:1      | Reached XP level 3. HP: 27/27 MP: 3/3
   875 | D:2      | Noticed Natasha
   887 | D:2      | Killed Natasha
   977 | D:2      | Gained mutation: When seriously injured, your blood forms
                  | armour. (AC +6) [demonic ancestry]
   977 | D:2      | Reached XP level 4. HP: 22/33 MP: 4/4
  1023 | D:2      | Noticed Jessica
  1033 | D:2      | Killed Jessica
  1124 | D:2      | Found Hiodagg's General Store.
  1177 | D:2      | Reached skill level 5 in Polearms
  1253 | D:2      | Noticed Natasha
  1261 | D:2      | Killed Natasha
  1262 | D:2      | Gained mutation: You sometimes gain a little power by
                  | taking damage. [demonic ancestry]
  1262 | D:2      | Reached XP level 5. HP: 38/38 MP: 5/5
  1588 | D:3      | Noticed Terence
  1621 | D:2      | Killed Terence
  1773 | D:3      | Noticed Grinder
  1798 | D:3      | Killed Grinder
  1799 | D:3      | Reached XP level 6. HP: 12/44 MP: 6/6
  2022 | D:3      | Found a runed translucent door.
  2074 | D:3      | Noticed osoart's ghost (amateur MiFi)
  2315 | D:4      | Found a glowing drain.
  2369 | Sewer    | Entered a sewer
  2598 | Sewer    | Reached XP level 7. HP: 39/50 MP: 7/7
  3920 | D:5      | Entered Level 5 of the Dungeon
  4072 | D:5      | Found a staircase to the Ecumenical Temple.
  4093 | Temple   | Entered the Ecumenical Temple
  4169 | Temple   | Became a worshipper of Gozag Ym Sagoz the Greedy
  4351 | D:5      | Reached XP level 8. HP: 26/56 MP: 8/8
  4548 | D:5      | Found a shadowy altar of Dithmenos.
  4609 | D:5      | Found a sacrificial altar of Ru.
  4727 | D:5      | Found a transporter.
  4747 | D:5      | Found a transporter.
  4976 | D:5      | Found a burning altar of Makhleb.
  4978 | D:5      | Found a radiant altar of Vehumet.
  5593 | D:6      | Reached skill level 10 in Polearms
  6521 | D:7      | Gained mutation: A weak demonic guardian rushes to your
                  | aid. [demonic ancestry]
  6521 | D:7      | Reached XP level 9. HP: 47/58 MP: 9/9
  6649 | D:7      | Found Oblisan's Jewellery Shoppe.
  6657 | D:7      | Bought the ring "Upso" {rPois Will+ Str+4} for 410 gold
                  | pieces
  7117 | D:7      | Found an ancient bone altar of Kikubaaqudgha.
  7195 | D:7      | Noticed Maggie
  7222 | D:7      | Killed Maggie
  7507 | D:7      | Noticed Prince Ribbit
  7522 | D:7      | Reached skill level 5 in Fighting
  7530 | D:7      | Killed Prince Ribbit
  7870 | D:8      | Noticed Maurice
  7892 | D:8      | Killed Maurice
  7893 | D:8      | Reached XP level 10. HP: 41/79 MP: 10/10
  8135 | D:8      | Noticed pokeman's ghost (novice DEHW)
  8138 | D:8      | Found a runed translucent door.
  8156 | D:8      | Found a broken altar of Ashenzari.
  8156 | D:8      | Found a blossoming altar of Fedhas.
  8158 | D:8      | Found an ancient bone altar of Kikubaaqudgha.
  8158 | D:8      | Found a shimmering altar of Xom.
  8158 | D:8      | Found a burning altar of Makhleb.
  8225 | D:8      | Noticed Psyche
  8237 | D:8      | Killed Psyche
  8785 | D:9      | Noticed a two-headed ogre
  8798 | D:9      | Killed a two-headed ogre
  8873 | D:9      | Found an iron altar of Okawaru.
  9036 | D:9      | Found a sparkling altar of Nemelex Xobeh.
  9178 | D:9      | Paralysed by a hornet for 3 turns
  9188 | D:9      | Reached skill level 10 in Fighting
  9362 | D:9      | Found a bloodstained altar of Trog.
  9562 | D:10     | Entered Level 10 of the Dungeon
 10082 | D:10     | Gained mutation: You have hoof-like feet. [demonic
                  | ancestry]
 10082 | D:10     | Reached XP level 11. HP: 72/93 MP: 11/11
 10682 | D:10     | Found a staircase to the Lair.
 11597 | D:11     | Reached skill level 5 in Dodging
 11757 | D:11     | Noticed Urug
 11807 | D:10     | Killed Urug
 11992 | D:11     | Noticed Grum
 12007 | D:11     | Killed Grum
 12066 | D:11     | Noticed Snorg
 12097 | D:11     | Killed Snorg
 12955 | D:12     | Noticed a tengu warrior
 12987 | D:12     | Killed a tengu warrior
 13160 | D:12     | Reached skill level 1 in Armour
 13187 | D:12     | Found a staircase to the Orcish Mines.
 13199 | D:12     | Noticed a red ugly thing
 13216 | D:12     | Killed a red ugly thing
 13268 | D:12     | Noticed a two-headed ogre
 13270 | D:12     | Noticed a white ugly thing
 13554 | D:12     | HP: 1/95 [white ugly thing (21)]
 13805 | D:12     | Killed a white ugly thing
 13806 | D:12     | Reached XP level 12. HP: 10/102 MP: 12/12
 14812 | D:12     | Killed a two-headed ogre
 14865 | Lair:1   | Entered Level 1 of the Lair of Beasts
 14965 | Lair:1   | Reached skill level 5 in Armour
 15928 | Lair:1   | Identified the +4 ring mail of Omission {*Slow rPois rCorr
                  | SInv}
 15964 | Lair:1   | Reached skill level 1 in Shields
 16465 | Lair:2   | Noticed a seven-headed hydra
 16584 | Lair:2   | Killed a seven-headed hydra
 16829 | Lair:2   | Got the Compilation of the Body
 16919 | Lair:2   | Reached skill level 5 in Shields
 18074 | D:10     | Bought a scroll of teleportation for 99 gold pieces
 18074 | D:10     | Bought a scroll of teleportation for 99 gold pieces
 18479 | Lair:3   | Found a staircase to the Shoals.
 18909 | Lair:3   | Gained mutation: A demonic guardian rushes to your aid.
                  | [demonic ancestry]
 18909 | Lair:3   | Reached XP level 13. HP: 102/108 MP: 13/13
 19489 | Lair:3   | Found a staircase to the Snake Pit.
 20069 | Lair:4   | Found an iron altar of Okawaru.
 21972 | Lair:5   | Entered Level 5 of the Lair of Beasts
 22319 | Lair:5   | Reached skill level 10 in Shields
 22530 | Lair:5   | Found a bloodstained altar of Trog.
 23146 | Lair:4   | Gained mutation: You have hooves in place of feet. [demonic
                  | ancestry]
 23146 | Lair:4   | Reached XP level 14. HP: 106/115 MP: 14/14
 23211 | Lair:5   | Noticed Josephine
 23239 | Lair:5   | Killed Josephine
 23880 | Lair:5   | Found a viscous altar of Jiyva.
 25058 | Lair:5   | Found a staircase to the Slime Pits.
 25371 | Orc:1    | Entered Level 1 of the Orcish Mines
 25497 | D:10     | Bought a pair of glowing gloves for 142 gold pieces
 25497 | D:10     | Bought a smoking scale mail for 171 gold pieces
 25497 | D:10     | Identified the +1 scale mail of the Spider Nest {rN+ Int+3}
                  | (You bought it in a shop on level 10 of the Dungeon)
 25601 | Orc:1    | Gained mutation: You have hidden genetic defects. [a
                  | neqoxec]
 25632 | Orc:1    | Reached skill level 10 in Armour
 25893 | Orc:1    | Noticed Sonja
 25902 | Orc:1    | Killed Sonja
 25988 | Orc:2    | Entered Level 2 of the Orcish Mines
 26361 | Orc:2    | Noticed Donald
 26363 | Orc:2    | Found Bam Nuka's Armour Shop.
 26390 | Orc:2    | Mangled by Donald

Illustrated notes

Levels and vault maps discovered:
D:1:      dpeg_arrival_orchard, layout_loops_cross
D:2:      layout_loops_ring, serial_shops, shop, uniq_jessica, uniq_natasha
D:3:      layout_rooms, ebering_ghost_reflecting_pool, uniq_terence,
          uniq_grinder
D:4:      layout_basic, gup_sewer_entry_bubbles, minmay_cut_off
D:5:      gammafunk_steamed_eel, layout_cave_pools,
          nicolae_overflow_hidden_temple, minmay_temple_entry_mist,
          chequers_avenue
D:6:      layout_gridville, elyvilon_altar_1, serial_demonic, serial_demonic_g,
          serial_demonic_f, serial_demonic_d, serial_demonic_d,
          serial_demonic_e, serial_demonic_b, minmay_misc_feat_columns
D:7:      layout_cave_pods, mainiacjoe_overflow_paths, serial_shops, shop,
          uniq_maggie, uniq_prince_ribbit1
D:8:      layout_cave_pools, doesnt_xom_only_xom,
          hellmonk_ghost_happy_afterlife, uniq_maurice, uniq_psyche
D:9:      layout_rooms, bloody_trog, old_standard_altar, okawaru_trees_2
D:10:     layout_cave_pods, erik_lair_island
D:11:     layout_rooms, uniq_snorg, uniq_urug, uniq_grum
D:12:     layout_long_grid
Temple:   nicolae_temple_ecumenical_triangle
Lair:1:   layout_concentric_octagons, st_stairs_12, beast_lair_carwin_3,
          grunt_megastairs_1
Lair:2:   layout_chaotic_city, pdpol_lair_neglected_garden,
          grunt_forest_stairs_clearing
Lair:3:   layout_small_grid, minmay_shoals_entry_centaurs,
          nicolae_snake_entry_squirm, grunt_forest_large_clearing_hut
Lair:4:   layout_gridlike, basic_altar, minmay_shattered_shrine
Lair:5:   hangedman_lair_tendril_chambers, layout_gridlike,
          minmay_slime_entry_oklob_open, basic_altar, lemuel_fruit_tree,
          uniq_josephine
Orc:1:    layout_diamond_mine, serial_shops, shop, uniq_sonja
Orc:2:    st_orc_ogre_mass, layout_caves, serial_shops, shop_fountains,
          uniq_donald

Skill      XL: |  1  2  3  4  5  6  7  8  9 10 11 12 13 14 |
---------------+-------------------------------------------+-----
Polearms       | 3 4 5 6 7 9 11 12 | 12.1
Fighting       | 7 11 12 | 12.0
Dodging        | 8 9 |  9.0
Armour         | 2 6 9 10 | 10.5
Shields        | 8 10 12 | 12.0
Throwing       | |  1.7

Action                     |  1- 3 |  4- 6 |  7- 9 | 10-12 | 13-15 || total
---------------------------+-------+-------+-------+-------+-------++-------
  Melee: Trident           |    96 |   151 |       |       |       ||   247
         Kick              |    18 |    57 |   156 |    21 |   204 ||   456
         Punch             |       |     1 |     5 |     8 |       ||    14
         Spear             |       |    72 |   590 |  1502 |  1494 ||  3658
  Throw: Javelin           |       |       |       |     2 |       ||     2
 Invoke: Call Merchant     |       |       |       |     2 |     1 ||     3
  Evoke: Wand              |       |       |       |     3 |       ||     3
    Use: Potion            |       |     4 |       |     3 |     1 ||     8
         Scroll            |       |     1 |    14 |     7 |     8 ||    30
   Stab: Distracted        |       |     1 |       |     5 |     7 ||    13
 Armour: Ring mail         |    27 |    66 |   138 |   115 |       ||   346
         Steam dragon scal |       |       |     1 |       |       ||     1
         Scale mail        |       |       |       |   235 |   265 ||   500
  Dodge: Dodged            |    52 |    94 |   261 |   734 |   667 ||  1808
  Block: Kite shield       |       |       |       |   237 |   940 ||  1177
         Reflection        |       |       |       |     4 |    14 ||    18

Table legend: (Time is in decaauts)
 A = Elapsed time spent in this place.
 B = Non-inter-level travel time spent in this place.
 C = Inter-level travel time spent in this place.
 D = Time resting spent in this place.
 E = Time spent auto-exploring this place.
 F = Levels seen in this place.
 G = Mean time per level.
                   A        B        C        D        E       F      G
               +--------+--------+--------+--------+--------+-----+--------+
         Total |  25087 |  24071 |   1016 |   6262 |  13051 |  21 | 1194.6 |
       Dungeon |  13912 |  13353 |    559 |   3230 |   7534 |  12 | 1159.3 |
        Temple |     91 |     63 |     28 |      0 |     56 |   1 |   91.0 |
          Lair |   9657 |   9260 |    397 |   2725 |   4752 |   5 | 1931.4 |
  Orcish Mines |    821 |    790 |     31 |    287 |    277 |   2 |  410.5 |
         Sewer |    604 |    604 |      0 |     20 |    432 |   1 |  604.0 |
               +--------+--------+--------+--------+--------+-----+--------+

Top non-repeatable levels by time:
  Lair:5: 2834 daAuts
  Lair:4: 2119 daAuts
  Lair:1: 2036 daAuts
    D:10: 1818 daAuts
    D:11: 1775 daAuts
  Lair:3: 1654 daAuts
    D:12: 1547 daAuts
     D:5: 1490 daAuts
     D:7: 1294 daAuts
     D:4: 1059 daAuts
  Lair:2: 1013 daAuts
     D:9: 1007 daAuts
     D:2: 918 daAuts
     D:6: 790 daAuts
     D:1: 765 daAuts
